 Dungeon Crawl Stone Soup version 0.29.1-15-g9cfb28693d (webtiles) character file.

Game seed: 18340398374050682275

46 DemonSlayer the Digger (level 3, -5/24 HPs)
             Began as a Demonspawn Earth Elementalist on Mar 19, 2023.
             Slain by Terence
             ... wielding a +0 morningstar
              (12 damage)
             ... on level 2 of the Dungeon.
             The game lasted 00:02:44 (1291 turns).

DemonSlayer the Digger (DsEE)                       Turns: 1291, Time: 00:02:44

Health: -5/24      AC:  5    Str: 10    XL:     3   Next: 46%
Magic:  5/6        EV: 11    Int: 16    God:
Gold:   125        SH:  0    Dex: 13    Spells: 0/6 levels left

rFire   . . .      SeeInvis .   d - +1 rapier (elec)
rCold   . . .      Faith    .   (no shield)
rNeg    . . .      Spirit   .   h - +0 leather armour
rPois   .          Reflect  .   (no helmet)
rElec   .          Harm     .   (no cloak)
rCorr   .          Rampage  .   (no gloves)
Will    .....                   (no boots)
Stlth   ++........              (no amulet)
HPRegen 0.08/turn               (no ring)
MPRegen 0.10/turn               (no ring)

@: no status effects
A: thin metallic scales 1, spiny 1
a: no special abilities


You were on level 2 of the Dungeon.
You visited 1 branch of the dungeon, and saw 2 of its levels.

You collected 125 gold pieces.

Inventory:

Hand Weapons
 d - a +1 rapier of electrocution (weapon)
Armour
 h - a +0 leather armour (worn)
Scrolls
 c - 2 scrolls of identify {unknown}
 i - a scroll of teleportation {unknown}
Potions
 a - a potion of cancellation {unknown}
 b - 2 potions of magic
 e - a potion of curing {unknown}
 f - 2 potions of haste {unknown}
 g - a potion of degeneration {unknown}
 j - a potion of brilliance {unknown}


   Skills:
 + Level 0.5 Armour
 + Level 2.0 Dodging
 + Level 2.0 Stealth
 + Level 2.4 Spellcasting
 + Level 0.8 Transmutations
 + Level 3.4 Earth Magic


You couldn't memorise any spells.
You knew the following spells:

 Your Spells              Type           Power      Damage    Failure   Level
a - Sandblast             Erth           26%        2d8       6%          1
b - Passwall              Tmut/Erth      6%         N/A       17%         2
c - Stone Arrow           Conj/Erth      14%        3d7       36%         3

Your spell library contained the following spells:

 Spells                   Type           Power      Damage    Failure   Level
 Petrify                  Tmut/Erth      8%         N/A       73%         4


Dungeon Overview and Level Annotations

Branches:
Dungeon (2/15)

Altars:
Ashenzari

Annotations:
D:2 Terence


Innate Abilities, Weirdness & Mutations

You are partially covered in thin metallic scales. (AC +2)
You are partially covered in sharp spines.


Message History

You now have 125 gold pieces (gained 11).
A hobgoblin comes into view.
A hobgoblin is nearby!
A hobgoblin is nearby!
A hobgoblin is nearby!
The hobgoblin shouts!
You hit the hobgoblin.
You punch the hobgoblin, but do no damage.
The hobgoblin is moderately wounded.
The hobgoblin is struck by your spines.
You kill the hobgoblin!
No target in view!
No target in view!
No target in view!
Terence the Incautious comes into view.
He is wielding a +0 morningstar.
Terence shouts!
Terence is nearby!
Terence is nearby!
Terence is nearby!
The blast of sand hits Terence but does no damage.
You closely miss Terence. Terence barely misses you.
You hit Terence.
Terence is lightly wounded.
Terence barely misses you.
You closely miss Terence.
Terence is lightly wounded.
Terence completely misses you.
You closely miss Terence.
Terence is lightly wounded.
Terence says, "Don't bother to defend, it's senseless."
Terence is struck by your spines. Terence hits you with a +0 morningstar!
You hit Terence.
Terence is heavily wounded.
Terence hits you with a +0 morningstar!
* * * LOW HITPOINT WARNING * * *
Terence misses you.
Okay, then.
Terence attacks as you move away! Terence hits you with a +0 morningstar!
Ouch! That really hurt!
You die...

#.#. #.#. #.## #.##
######### #...
#.......# ###.
#.#####.#######.
#####.#####.##......
#.@@.....##.##.####.
#...###.##..........#.
##.. #.......##......
##. ##########..#.#.
.. #...... .# ##.#..#
.. #.##.# #. #.##.#
#.....


You could see Terence.

Vanquished Creatures
  An adder (D:2)
  4 bats
  3 endoplasms (D:1)
  2 giant cockroaches (D:1)
  2 goblins (D:1)
  5 hobgoblins
  3 jackals (D:1)
  4 kobolds
  A quokka (D:2)
  3 ball pythons
  4 frilled lizards (D:1)
  4 rats
36 creatures vanquished.

Notes
Turn   | Place    | Note
-------+----------+-------------------------------------------
     0 | D:1      | DemonSlayer the Demonspawn Earth Elementalist began the
                  | quest for the Orb.
     0 | D:1      | Reached XP level 1. HP: 13/13 MP: 3/3
   198 | D:1      | Found a faded altar of an unknown god.
   236 | D:1      | Reached skill level 3 in Earth Magic
   236 | D:1      | Gained mutation: You are partially covered in thin metallic
                  | scales. (AC +2) [demonic ancestry]
   236 | D:1      | Reached XP level 2. HP: 19/19 MP: 5/5
   791 | D:1      | Gained mutation: You are partially covered in sharp spines.
                  | [demonic ancestry]
   791 | D:1      | Reached XP level 3. HP: 24/24 MP: 6/6
   856 | D:1      | Learned a level 2 spell: Passwall
   860 | D:1      | Learned a level 3 spell: Stone Arrow
   985 | D:2      | Found a broken altar of Ashenzari.
  1283 | D:2      | Noticed Terence
  1291 | D:2      | Slain by Terence

Illustrated notes

Levels and vault maps discovered:
D:1:      dpeg_arrival_rooms_a, layout_basic, shapermc_ecumenical_altar_venn,
          wander_ebering_terrifying_dragon_lair
D:2:      layout_loops_cross, basic_altar, uniq_terence, uniq_natasha

Skill      XL: |  1  2  3 |
---------------+----------+-----
Earth Magic    | 3 |  3.4
Stealth        | 2 |  2.0
Dodging        | 2 |  2.0
Armour         | |  0.5
Spellcasting   | |  2.4
Transmutations | |  0.8

Action                   || total
-------------------------++-------
Melee: Rapier            ||    34
       Punch             ||     1
 Cast: Sandblast         ||    30
 Stab: Sleeping          ||     4
Armor: Robe              ||     4
       Leather armour    ||    10
Dodge: Dodged            ||    31
